 Dungeon Crawl Stone Soup version 0.26.1-11-gd32895ea62 (webtiles) character file.

Game seed: 99596854104511282

6 phalm the Conjurer (level 1, 0/14 HPs)
             Began as a Demonspawn Conjurer on June 24, 2021.
             Slain by a jackal (2 damage)
             ... on level 1 of the Dungeon.
             The game lasted 00:01:00 (172 turns).

phalm the Conjurer (Demonspawn Conjurer)             Turns: 172, Time: 00:01:00

Health: 0/14       AC:  2    Str:  7    XL:     1   Next: 75%
Magic:  0/3        EV: 12    Int: 19    God:
Gold:   11         SH:  0    Dex: 11    Spells: 3/4 levels left

rFire    . . .     SeeInvis .   (no weapon)
rCold    . . .     Faith    .   (no shield)
rNeg     . . .     Spirit   .   a - +0 robe
rPois    .         Reflect  .   (no helmet)
rElec    .         Harm     .   (no cloak)
rCorr    .         Rampage  .   (no gloves)
Will     .....                  (no boots)
Stlth    ++........             (no amulet)
HPRegen  0.04/turn              (no ring)
MPRegen  0.08/turn              (no ring)

@: no status effects
A: no striking features
a: no special abilities


You were on level 1 of the Dungeon.
You visited 1 branch of the dungeon, and saw 1 of its levels.

You collected 11 gold pieces.


   Skills:
 + Level 0.4 Fighting
 - Level 1.7 Dodging
 - Level 1.7 Stealth
 + Level 2.1 Spellcasting
 * Level 4.1 Conjurations


You had 3 spell levels left.
You knew the following spells:

 Your Spells              Type           Power        Failure   Level
m - Magic Dart            Conj           68%          3%          1

Your spell library contained the following spells:

 Spells                   Type           Power        Failure   Level
 Searing Ray              Conj           34%          4%          2
 Dazzling Flash           Conj/Hex       18%          22%         3
 Fulminant Prism          Conj/Hex       4%           56%         4
 Iskenderun's Mystic Bla  Conj/Tloc      9%           56%         4

Inventory:

Missiles
 c - 33 stones
Armour
 a - a +0 robe (worn)

Dungeon Overview and Level Annotations

Branches:
Dungeon (1/15)

Altars:

#.#....##...........##..≈≈#.##.#
#.##...###.........###..≈##r##'#
##.##### ###8#8'8### #####.##hhr
#.# ######'###### #.##... #.##
#).§§.......# ##.##... ##.###
#≈≈§§.§..≈≈≈# ###.###.?.
##..#####§≈§≈§§≈#####..## #...
###...#####+#####...### #...
####......@hh.r#### #...
#############


You could see 2 jackals and a rat.


Message History

Confirm with . or Enter, or press ? or * to list all spells.
Aiming: Magic Dart (safe; 3% risk of failure)
Press: ? - help, Shift-Dir - straight line, f/p - jackal
Aim: a jackal (almost dead, 0% to evade)
The magic dart hits the jackal but does no damage.
The jackal misses you. 😮 MP[-1]
You lost 1 mp, and now have 0/3 mp.
Unknown command.
You aren't carrying any items that you can evoke.
As you read the scroll labelled SIFOUDD GEAGONI, it crumbles to dust.
It is a scroll of enchant weapon.
You aren't carrying any weapons that can be enchanted.
The jackal bites you but does no damage.
You aren't carrying any scrolls.
Unknown command.
You closely miss the jackal. The jackal bites you.
* * * LOW HITPOINT WARNING * * *
😨 HP[-2]
You take 2 damage, and now have 5/13 hp.
Unknown command.
You closely miss the jackal. The jackal closely misses you.
The jackal bites you.
* * * LOW HITPOINT WARNING * * *
😱 HP[-2]
You take 2 damage, and now have 3/13 hp.
You hit the jackal but do no damage. The jackal barely misses you.
The jackal closely misses you. 😱 MP[+1]
Casting: Magic Dart (safe; 3% risk of failure)
Confirm with . or Enter, or press ? or * to list all spells.
Aiming: Magic Dart (safe; 3% risk of failure)
Press: ? - help, Shift-Dir - straight line, f/p - jackal
Aim: a jackal (severely wounded, 0% to evade)
The magic dart hits the jackal. 😱 MP[-1]
You lost 1 mp, and now have 0/3 mp.
The jackal misses you.
You hit the jackal.
You kill the jackal!
The jackal closely misses you. 😨 HP[+1]
You now have 14 max hp (+1).
You barely miss the jackal. The jackal closely misses you.
The jackal barely misses you.
You hit the jackal. The jackal barely misses you. The jackal barely misses you.
You barely miss the jackal. The jackal closely misses you.
You miss the jackal. The jackal barely misses you.
The jackal closely misses you.
You barely miss the jackal. The jackal barely misses you. 😨 MP[+1]
Casting: Magic Dart (safe; 3% risk of failure)
Confirm with . or Enter, or press ? or * to list all spells.
Aiming: Magic Dart (safe; 3% risk of failure)
Press: ? - help, Shift-Dir - straight line, f/p - jackal
Aim: a jackal (heavily wounded, 0% to evade)
The magic dart hits the jackal.
The jackal closely misses you.
The jackal bites you but does no damage. 😨 MP[-1]
You lost 1 mp, and now have 0/3 mp.
You hit the jackal.
The jackal bites you but does no damage.
The jackal misses you.
You miss the jackal. The jackal bites you.
* * * LOW HITPOINT WARNING * * *
The jackal closely misses you. 😱 HP[-1]
You take 1 damage, and now have 3/14 hp.
Unknown command.
You closely miss the jackal. The jackal barely misses you.
The jackal closely misses you.
You closely miss the jackal. The jackal closely misses you.
The jackal bites you.
* * * LOW HITPOINT WARNING * * *
😱 HP[-1]
You take 1 damage, and now have 2/14 hp.
Unknown command.
You barely miss the jackal. The jackal barely misses you. 😱 MP[+1]
Casting: Magic Dart (safe; 3% risk of failure)
Confirm with . or Enter, or press ? or * to list all spells.
Aiming: Magic Dart (safe; 3% risk of failure)
Press: ? - help, Shift-Dir - straight line, f/p - jackal
Aim: a jackal (heavily wounded, 0% to evade)
The magic dart hits the jackal.
You kill the jackal! 😱 MP[-1]
You lost 1 mp, and now have 0/3 mp.
The jackal barely misses you. 😱 HP[+1]
You hit the jackal. The jackal bites you.
* * * LOW HITPOINT WARNING * * *
😱 HP[-1]
You take 1 damage, and now have 2/14 hp.
The jackal pauses to sniff the ground.
The jackal barely misses you.
You barely miss the jackal. The jackal completely misses you.
The jackal bites you.
You die...

Action                   || total
-------------------------++-------
Melee: Unarmed           ||    16
 Cast: Magic Dart        ||     9
  Use: Scroll            ||     1
Armor: Robe              ||     3
Dodge: Dodged            ||    26

Levels and vault maps discovered:
D:1:      dpeg_arrival_morbid_curiosity, layout_basic

Notes
Turn   | Place    | Note
-------+----------+-------------------------------------------
     0 | D:1      | phalm the Demonspawn Conjurer began the quest for the Orb.
     0 | D:1      | Reached XP level 1. HP: 13/13 MP: 3/3
     0 | D:1      | magus.rc [v1.9.10]
   138 | D:1      | HP: 3/13 [jackal (2)]
   158 | D:1      | HP: 3/14 [jackal (1)]
   163 | D:1      | HP: 2/14 [jackal (1)]
   168 | D:1      | HP: 2/14 [jackal (1)]
   172 | D:1      | Slain by a jackal

Vanquished Creatures
  2 jackals (D:1)
  A kobold (D:1)
  2 goblins (D:1)
5 creatures vanquished.

Table legend:
 A = Non-vault XP
 B = Vault XP
 C = Vault XP percentage of total XP
 D = Non-vault monster count
 E = Vault monster count
 F = Vault count percentage of total count
                 A         B        C        D         E       F
            +---------+---------+-------+---------+---------+-------
      Total |       4 |       5 |  55.6 |       2 |       3 |  60.0
            +---------+---------+-------+---------+---------+-------
        D:1 |       4 |       5 |  55.6 |       2 |       3 |  60.0
            +---------+---------+-------+---------+---------+-------

Illustrated notes

Table legend:
 A = Kills in this place as a percentage of kills in entire the game.
 B = Kills by you in this place as a percentage of kills by you in the entire game.
 C = Kills by friends in this place as a percentage of kills by friends in the entire game.
 D = Other kills in this place as a percentage of other kills in the entire game.
 E = Experience gained in this place as a percentage of experience gained in the entire game.
 F = Experience gained in this place divided by the number of levels of this place that you have seen.
                   A       B       C       D       E      F
               +-------+-------+-------+-------+-------+----------------------
         Total | 100.0 | 100.0 |   N/A |   N/A | 100.0 |   9.0
       Dungeon | 100.0 | 100.0 |   N/A |   N/A | 100.0 |   9.0
               +-------+-------+-------+-------+-------+----------------------

Table legend: (Time is in decaauts)
 A = Elapsed time spent in this place.
 B = Non-inter-level travel time spent in this place.
 C = Inter-level travel time spent in this place.
 D = Time resting spent in this place.
 E = Time spent auto-exploring this place.
 F = Levels seen in this place.
 G = Mean time per level.
                   A        B        C        D        E       F      G
               +--------+--------+--------+--------+--------+-----+--------+
         Total |    172 |    172 |      0 |      0 |    119 |   1 |  172.0 |
       Dungeon |    172 |    172 |      0 |      0 |    119 |   1 |  172.0 |
               +--------+--------+--------+--------+--------+-----+--------+

Top non-repeatable levels by time:
     D:1: 172 daAuts
